 Dungeon Crawl Stone Soup version 0.27-a0-1347-gd8886f0a89 (webtiles) character file.

Game seed: 17928763861550562964

1771 mandarbmax the Fighter (level 9, 0/102 HPs)
             Began as an Ogre Hunter on June 27, 2021.
             Was a Follower of Okawaru.
             Shot with an arrow by a centaur (9 damage)
             ... on level 6 of the Dungeon.
             The game lasted 00:17:31 (7877 turns).

mandarbmax the Fighter (Ogre Hunter)                Turns: 7877, Time: 00:17:32

Health: 0/102      AC:  6    Str: 18      XL:     9   Next: 7%
Magic:  10/10      EV: 10    Int: 12      God:    Okawaru [*.....]
Gold:   99         SH:  0    Dex: 10 (12) Spells: 8/8 levels left

rFire    . . .     SeeInvis .   f - +3 lajatang
rCold    . . .     Faith    .   (shield currently unavailable)
rNeg     . . .     Spirit   .   b - +0 robe
rPois    .         Reflect  .   (helmet restricted)
rElec    .         Harm     .   w - +2 cloak
rCorr    .         Rampage  .   (gloves unavailable)
Will     .....                  (boots unavailable)
Stlth    +.........             (no amulet)
HPRegen  0.27/turn              (no ring)
MPRegen  0.12/turn              (no ring)

@: invisible
A: large, unfitting armour, tough skin 1
a: Renounce Religion, Heroism


You were on level 6 of the Dungeon.
You worshipped Okawaru.
Okawaru was aware of your devotion.
You visited 2 branches of the dungeon, and saw 7 of its levels.

You collected 285 gold pieces.
You spent 186 gold pieces at shops.

Inventory:

Hand Weapons
 a - a +0 short sword
 f - a +3 lajatang (weapon)
Missiles
 d - 2 throwing nets
 i - 4 boomerangs of dispersal
 m - 2 large rocks (quivered)
 x - 29 poisoned darts
 B - a boomerang
 D - 6 atropa-tipped darts
Armour
 b - a +0 robe (worn)
 w - a +2 cloak (worn)
Wands
 n - a wand of charming (7)
 z - a wand of flame (15)
Scrolls
 c - a scroll of immolation {unknown}
 g - a scroll of fog {unknown}
 h - a scroll of vulnerability {unknown}
 j - a scroll of silence {unknown}
 l - a scroll of amnesia
 q - a scroll of fear {unknown}
 s - a scroll of noise {unknown}
 y - a scroll of magic mapping {unknown}
 C - a scroll of summoning {unknown}
Potions
 e - 2 potions of magic {unknown}
 k - 2 potions of resistance
 r - a potion of experience {unknown}
 t - a potion of haste
 v - a potion of might
 A - 2 potions of curing


   Skills:
 * Level 10.4 Fighting
 * Level 8.9 Throwing
 - Level 2.0 Dodging
 - Level 0.6 Stealth
 + Level 2.2 Invocations


You had 8 spell levels left.
You didn't know any spells.
Your spell library contained the following spells:

 Spells                   Type           Power      Damage    Failure   Level
 Magic Dart               Conj           0%         1d3       32%         1
 Searing Ray              Conj           0%         3d3       45%         2
 Dazzling Flash           Conj/Hex       0%         N/A       69%         3
 Fulminant Prism          Conj/Hex       0%         3d6       97%         4
 Iskenderun's Mystic Bla  Conj/Tloc      0%         2d3       97%         4


Dungeon Overview and Level Annotations

Branches:
Dungeon (6/15)             Temple (1/1) D:4

Altars:
Ashenzari
Cheibriados
Dithmenos
Elyvilon
Fedhas
Gozag
Hepliaklqana
Kikubaaqudgha
Makhleb
Nemelex Xobeh
Okawaru
Qazlal
Ru
Trog
Wu Jian
Yredelemnul
Zin
The Shining One

Shops:
D:4 (![!

Annotations:
D:5 3 runed translucent doors, mdk's ghost, amateur VSMo; nyamberluvr69's ghost, weakling DsDe; siradein's ghost, novice GrFi
D:6 Eustachio


Innate Abilities, Weirdness & Mutations

You are too large for most types of armour.
You have tough skin. (AC +1)


Message History

Eustachio is almost dead.
The centaur hits you.
* * * LOW HITPOINT WARNING * * *
The centaur kicks you but does no damage.
Eustachio closely misses you. The white imp barely misses you.
The white imp hits you but does no damage.
The centaur hits you.
* * * LOW HITPOINT WARNING * * *
The centaur barely misses you.
Eustachio calls on the powers of shadow!
Eustachio hits you with a +0 falchion.
* * * LOW HITPOINT WARNING * * *
Okay, then.
Okay, then.
Okay, then.
Okay, then.
Blink to where?
Press: ? - help, Dir - move target, p - Eustachio
As you read the scroll of blinking, it crumbles to dust.
Eustachio twirls his moustache.
Eustachio gestures wildly while chanting.
Eustachio blinks!
As you read the scroll of teleportation, it crumbles to dust.
You feel strangely unstable.
The centaur wields a +0 shortbow.
The centaur shoots an arrow.
The arrow hits you.
* * * LOW HITPOINT WARNING * * *
As you read the scroll labelled GITOOT IGRIKLYOG, it crumbles to dust.
It is a scroll of amnesia.
You feel forgetful for a moment.
The centaur shoots an arrow.
The arrow hits you.
* * * LOW HITPOINT WARNING * * *
Unknown command.
The white imp shouts, "Scamper home, thou venomed mumble-news mish-mash!"
Your surroundings seem slightly different.
Unknown command.
Okay, then.
Okay, then.
You fade into invisibility!
The centaur shoots an arrow.
The arrow hits you!
You die...

##.....# #.........# ## ##....#
#.........# #< #.....# #.........#
#. ##+ #.....# #.........# #. ..
############......)..# #. ####
#.##.......>.##.........# #.
.....#.#.5c5......##........)####
.....r..........ยง.#####..........
......(....r....@................
.........@...(...................
........#########................
........# #................
........# #............###'
........# #............#..[
######### #............#...
######.......#... #.......#...


You could see Eustachio, a centaur, 2 white imps and a quokka (summoned).

Vanquished Creatures
  Grinder (D:2)
  3 water moccasins
  An ice beast (D:5)
  A sky beast (D:5)
  2 black bears
  A necrophage (D:4)
  A centaur (D:5)
  Blork the orc (D:4)
  A bullfrog (D:6)
  A scorpion (D:6)
  A water moccasin skeleton (D:5)
  An electric eel (D:6)
  2 hounds
  An orc priest (D:5)
  Ijyb (D:4)
  A gnoll shaman (D:5)
  2 iguanas
  Robin (D:4)
  10 gnolls
  4 adders
  2 white imps
  10 orcs
  4 endoplasms
  4 giant cockroaches
  8 goblins
  8 hobgoblins
  4 jackals (D:2)
  5 quokkas
  9 ball pythons
  7 bats
  4 frilled lizards
  7 kobolds
  4 rats
113 creatures vanquished.

Vanquished Creatures (others)
  A plant (D:4)
1 creature vanquished.

Grand Total: 114 creatures vanquished

Notes
Turn   | Place    | Note
-------+----------+-------------------------------------------
     0 | D:1      | mandarbmax the Ogre Hunter began the quest for the Orb.
     0 | D:1      | Reached XP level 1. HP: 22/22 MP: 1/1
   446 | D:1      | Reached skill level 3 in Fighting
   451 | D:1      | Reached XP level 2. HP: 29/31 MP: 2/2
   953 | D:2      | Reached XP level 3. HP: 28/37 MP: 3/3
  1356 | D:2      | Reached skill level 4 in Fighting
  1358 | D:2      | HP: 1/39 [gnoll (3)]
  1772 | D:2      | Found a blossoming altar of Fedhas.
  2032 | D:2      | Reached XP level 4. HP: 46/48 MP: 4/4
  2057 | D:2      | HP: 2/49 [gnoll (4)]
  2633 | D:3      | Noticed Grinder
  2645 | D:3      | Paralysed by Grinder for 3 turns
  2669 | D:2      | Killed Grinder
  2670 | D:2      | Reached skill level 6 in Fighting
  2670 | D:2      | Reached skill level 5 in Throwing
  2670 | D:2      | Reached XP level 5. HP: 17/59 MP: 5/5
  2670 | D:2      | Reached XP level 6. HP: 19/67 MP: 6/6
  3080 | D:3      | Found a faded altar of an unknown god.
  3390 | D:3      | Found a sacrificial altar of Ru.
  3692 | D:4      | Noticed Blork the orc
  3705 | D:4      | Killed Blork the orc
  3800 | D:4      | Noticed Ijyb
  3803 | D:4      | Noticed a water moccasin
  3814 | D:4      | Killed Ijyb
  3826 | D:4      | Killed a water moccasin
  3827 | D:4      | Reached skill level 7 in Fighting
  3827 | D:4      | Reached XP level 7. HP: 27/78 MP: 7/7
  4337 | D:4      | Noticed Robin
  4419 | D:4      | Found Vuoggase's Distillery.
  4419 | D:4      | Found Lyzxuotz's Distillery.
  4419 | D:4      | Found Tuty's Armour Shoppe.
  4432 | D:4      | Found Codd's Weapon Shoppe.
  4574 | D:4      | Bought a potion of heal wounds for 50 gold pieces
  4574 | D:4      | Bought a potion of invisibility for 80 gold pieces
  4577 | D:4      | Bought a potion of might for 56 gold pieces
  4613 | D:4      | Found a staircase to the Ecumenical Temple.
  4619 | Temple   | Entered the Ecumenical Temple
  4901 | Temple   | Became a worshipper of Warmaster Okawaru
  5005 | D:4      | Found an opulent altar of Gozag.
  5098 | D:5      | Entered Level 5 of the Dungeon
  5192 | D:4      | Reached skill level 8 in Fighting
  5419 | D:4      | Killed Robin
  5432 | D:4      | Reached XP level 8. HP: 78/89 MP: 8/8
  5887 | D:4      | Reached * piety under Okawaru
  6106 | D:5      | Reached skill level 9 in Fighting
  6205 | D:5      | Found a stormy altar of Qazlal.
  6417 | D:5      | Found a bloodstained altar of Trog.
  6551 | D:5      | Found a runed translucent gate.
  6551 | D:5      | Found a runed translucent gate.
  6552 | D:5      | Found a runed translucent gate.
  6602 | D:5      | Reached skill level 1 in Invocations
  7027 | D:4      | Reached skill level 10 in Fighting
  7236 | D:5      | Noticed mdk's ghost (amateur VSMo)
  7237 | D:5      | Noticed nyamberluvr69's ghost (weakling DsDe)
  7237 | D:5      | Noticed siradein's ghost (novice GrFi)
  7460 | D:6      | Reached XP level 9. HP: 61/101 MP: 10/10
  7857 | D:6      | Noticed Eustachio
  7877 | D:6      | Shot with an arrow by a centaur

Illustrated notes

Levels and vault maps discovered:
D:1:      tarquinn_simple_flora_water_d, layout_basic, minmay_bisected
D:2:      layout_loops_ring, basic_altar
D:3:      layout_rooms, lemuel_doored_altar, ebering_ecumenical_altar_box,
          hex_tiny, chequers_serial_rivers_micro_c, amcnicky_mini_pool_small,
          uniq_grinder
D:4:      layout_basic, grunt_gozag_breadcrumbs,
          minmay_temple_entry_gardened_gates, minmay_shop_grid_forest,
          kennysheep_generic_room_13, uniq_ijyb, uniq_blork_the_orc, uniq_robin
D:5:      layout_cave_pools, trog_butcher_becter,
          nicolae_overflow_crystal_walls, gammafunk_ghost_cemetery
D:6:      minmay_goblin_kobold_castle, layout_basic,
          grunt_temple_overflow_diamond, uniq_eustachio
Temple:   eino_temple_water

Skill      XL: |  1  2  3  4  5  6  7  8 |
---------------+-------------------------+-----
Fighting       | 3 4 6 7 8 10 | 10.4
Dodging        | 2 |  2.0
Throwing       | 5 6 7 8 |  8.9
Invocations    | 2 |  2.2
Stealth        | |  0.6

Action                   |  1- 3 |  4- 6 |  7- 9 || total
-------------------------+-------+-------+-------++-------
Melee: Short sword       |    97 |    79 |       ||   176
       Lajatang          |       |    12 |   167 ||   179
Throw: Large rock        |    20 |    21 |    24 ||    65
       Throwing net      |       |     6 |       ||     6
       Dart              |       |     6 |    18 ||    24
       Boomerang         |       |       |    13 ||    13
Invok: Heroism           |       |       |     1 ||     1
Evoke: Wand              |       |       |     2 ||     2
  Use: Scroll            |       |     5 |     7 ||    12
       Potion            |       |     2 |     2 ||     4
 Stab: Sleeping          |     1 |       |     2 ||     3
       Held in net/web   |       |     2 |       ||     2
Armor: Robe              |    45 |    25 |   110 ||   180
Dodge: Dodged            |    77 |    41 |   157 ||   275

Table legend: (Time is in decaauts)
 A = Elapsed time spent in this place.
 B = Non-inter-level travel time spent in this place.
 C = Inter-level travel time spent in this place.
 D = Time resting spent in this place.
 E = Time spent auto-exploring this place.
 F = Levels seen in this place.
 G = Mean time per level.
                   A        B        C        D        E       F      G
               +--------+--------+--------+--------+--------+-----+--------+
         Total |   8000 |   7574 |    426 |   2867 |   3536 |   7 | 1142.9 |
       Dungeon |   7701 |   7352 |    349 |   2867 |   3327 |   6 | 1283.5 |
        Temple |    298 |    221 |     77 |      0 |    209 |   1 |  298.0 |
               +--------+--------+--------+--------+--------+-----+--------+

Top non-repeatable levels by time:
     D:4: 2269 daAuts
     D:2: 1537 daAuts
     D:1: 1373 daAuts
     D:5: 1162 daAuts
     D:3: 785 daAuts
     D:6: 573 daAuts
  Temple: 298 daAuts
